 Dungeon Crawl Stone Soup version 0.23.0 (webtiles) character file.

Game seed: 5406797740199866287

350 marthius the Skirmisher (level 6, 0/85 HPs)
             Began as a Hill Orc Fighter on Feb 11, 2019.
             Was an Initiate of Makhleb.
             Succumbed to an orc wizard's poison
             ... on level 4 of the Dungeon.
             The game lasted 00:12:34 (3561 turns).

marthius the Skirmisher (Hill Orc Fighter)          Turns: 3561, Time: 00:12:35

Health: 0/85       AC: 23    Str: 21    XL:     6   Next: 60%
Magic:  6/6        EV:  2    Int:  8    God:    Makhleb [......]
Gold:   106        SH:  9    Dex: 10    Spells: 5/5 levels left

rFire    . . .     SeeInvis .   a - +0 trident
rCold    . . .     Gourm    .   c - +0 shield
rNeg     + + +     Faith    .   (armour currently unavailable)
rPois    +         Spirit   .   (helmet currently unavailable)
rElec    .         Reflect  .   (cloak currently unavailable)
rCorr    .         Harm     .   (gloves currently unavailable)
MR       .....     NoTele   +   (boots currently unavailable)
Stlth    +.........             (no amulet)
HPRegen  0.24/turn              (no ring)
MPRegen  0.10/turn              (no ring)

@: lethally poisoned (0 -> -17), tree-form (expiring), berserk cooldown, slowed,
very slow
A: no striking features
a: Renounce Religion


You were on level 4 of the Dungeon.
You worshipped Makhleb.
Makhleb was noncommittal.
You were not hungry.
You were a tree.
You visited 2 branches of the dungeon, and saw 5 of its levels.

You collected 106 gold pieces.

Inventory:

Hand Weapons
 a - a +0 trident (weapon)
Missiles
 l - 196 stones (quivered)
Armour
 c - a +0 shield (worn)
 d - a +0 cloak (melded)
 e - a +0 pair of gloves (melded)
 o - a +0 chain mail (melded)
Scrolls
 b - 2 scrolls of teleportation
 g - a scroll of random uselessness {unknown}
 h - a scroll of remove curse
 m - a scroll of blinking {unknown}
 n - a scroll of identify
 s - a scroll of magic mapping {unknown}
Potions
 i - a potion of degeneration {unknown}
 j - 3 potions of mutation
 k - a potion of lignification
 q - a potion of flight
Comestibles
 f - 5 rations


   Skills:
 + Level 5.7 Fighting
 + Level 4.5 Polearms
 + Level 5.1 Armour
 - Level 3.5 Shields
 + Level 1.0 Invocations


You had 5 spell levels left.
You didn't know any spells.
Your spell library contained the following spells:

 Spells                   Type           Power        Failure   Level  Hunger
 Sandblast                Erth           #.....       88%         1    ##.....
 Passwall                 Tmut/Erth      #.......     96%         2    ###....
 Stone Arrow              Conj/Erth      #.....       99%         3    ####...
 Petrify                  Tmut/Erth      #.......     100%        4    #####..
 Lee's Rapid Deconstruct  Erth           #.........   100%        5    ######.


Dungeon Overview and Level Annotations

Branches:
Dungeon (4/15)             Temple (1/1) D:4

Altars:
Cheibriados
Dithmenos
Elyvilon
Fedhas
Gozag
Makhleb
Okawaru
Ru
Sif Muna
Trog
Uskayaw
Xom
Yredelemnul
Zin
The Shining One

Shops:
D:4 [


Message History

You closely miss the orc.
* * * LOW HITPOINT WARNING * * *
You feel sick. The orc hits you but does no damage.
You are too berserk!
You are too berserk!
You puncture the orc!
The orc is almost dead.
* * * LOW HITPOINT WARNING * * *
You feel sick.
You hit the orc.
You kill the orc!
Makhleb accepts your kill.
* * * LOW HITPOINT WARNING * * *
You feel sick.
You are too berserk!
You eat one of the 6 rations.
That ration really hit the spot!
You are no longer berserk.
You are exhausted.
You feel yourself slow down.
You die...

#.# #........# #.#
#.######## #.# #.# #
#.# #.#
..######.#########.#
#..................#
########.###########
#.##### #..♣).#
#####)# .# .. o..
..## ###


There were no monsters in sight!

Vanquished Creatures
  An ogre (D:4)
  Crazy Yiuf (D:2)
  An orc priest (D:4)
  An orc wizard (D:4)
  A bullfrog skeleton (D:4)
  2 worker ants (D:4)
  3 adders (D:3)
  An ooze (D:1)
  A dart slug (D:1)
  3 leopard geckos
  2 orcs (D:4)
  4 bats
  3 giant cockroaches
  13 goblins
  9 hobgoblins
  6 jackals
  6 kobolds
  A quokka (D:3)
  5 frilled lizards
  7 rats
  A spectral orc (D:3)
72 creatures vanquished.

Notes
Turn   | Place    | Note
-------+----------+-------------------------------------------
     0 | D:1      | marthius the Hill Orc Fighter began the quest for the Orb.
     0 | D:1      | Reached XP level 1. HP: 19/19 MP: 1/1
    73 | D:1      | Reached XP level 2. HP: 26/27 MP: 2/2
   419 | D:1      | Reached XP level 3. HP: 31/33 MP: 3/3
  1324 | D:2      | Noticed an angel
  1325 | D:2      | Found a shimmering altar of Xom.
  1325 | D:2      | Found a glowing silver altar of Zin.
  1540 | D:2      | Found a runed translucent door.
  1541 | D:2      | Noticed Crazy Yiuf
  1741 | D:2      | Killed Crazy Yiuf
  1741 | D:2      | Reached XP level 4. HP: 9/41 MP: 4/4
  2255 | D:3      | Reached XP level 5. HP: 39/47 MP: 5/5
  2874 | D:3      | Found a basalt altar of Yredelemnul.
  3188 | D:4      | Found Nuofupp's Antique Armour Boutique.
  3220 | D:4      | Noticed an ogre
  3230 | D:4      | Killed an ogre
  3230 | D:4      | Reached skill level 5 in Fighting
  3238 | D:4      | Reached XP level 6. HP: 54/56 MP: 6/6
  3386 | D:4      | Reached skill level 5 in Armour
  3425 | D:4      | Found a staircase to the Ecumenical Temple.
  3432 | Temple   | Entered the Ecumenical Temple
  3448 | Temple   | Became a worshipper of Makhleb the Destroyer
  3557 | D:4      | Reached skill level 1 in Invocations
  3557 | D:4      | HP: 5/127 [poisoned by an orc wizard]
  3560 | D:4      | HP: 2/127 [poisoned by an orc wizard]
  3561 | D:4      | Succumbed to an orc wizard's poison

Skill      XL: |  1  2  3  4  5  6 |
---------------+-------------------+-----
Fighting       | 4 5 |  5.7
Polearms       | 3 4 |  4.5
Armour         | 4 5 |  5.1
Invocations    | 1 |  1.0
Shields        | |  3.5

Action                   |  1- 3 |  4- 6 || total
-------------------------+-------+-------++-------
Melee: Trident           |   137 |   206 ||   343
Throw: Stone             |    25 |    51 ||    76
  Use: Potion            |     1 |     6 ||     7
       Scroll            |       |     6 ||     6
  Eat: Chunk             |     2 |     6 ||     8
       Ration            |       |     1 ||     1
Armor: Scale mail        |    23 |       ||    23
       Chain mail        |    34 |    81 ||   115
       Skin              |       |    35 ||    35
Dodge: Dodged            |    18 |    37 ||    55
Block: Shield            |    64 |    70 ||   134
